 Dungeon Crawl Stone Soup version 0.30.1-11-g7821555f0a (webtiles) character file.

Game seed: 14715504583973619306

20 fireball365 the Trooper (level 2, 0/27 HPs)
             Began as a Hill Orc Fighter on Dec 14, 2023.
             Succumbed to a kobold's poison
             ... on level 1 of the Dungeon.
             The game lasted 00:01:04 (628 turns).

fireball365 the Trooper (Hill Orc Fighter)           Turns: 628, Time: 00:01:04

Health: 0/27       AC: 10    Str: 18    XL:     2   Next: 79%
Magic:  2/2        EV:  9    Int:  8    God:
Gold:   0          SH:  4    Dex: 10    Spells: 1/1 levels left

rFire   . . .        a - +0 war axe
rCold   . . .        c - +0 buckler
rNeg    . . .        b - +0 scale mail
rPois   .            (no helmet)
rElec   .            (no cloak)
rCorr   .            (no gloves)
SInv    .            (no boots)
Will    .....        (no amulet) Stlth
                     g - +4 ring of protection
HPRegen 0.24/turn    (no ring)
MPRegen 0.08/turn

%: no passive effects
@: lethally poisoned (0 -> -7)
A: no striking features
a: no special abilities


You were on level 1 of the Dungeon.
You visited 1 branch of the dungeon, and saw 1 of its levels.

Inventory:

Hand Weapons
 a - a +0 war axe (weapon)
Armour
 b - a +0 scale mail (worn)
 c - a +0 buckler (worn)
Jewellery
 f - a ring of wizardry
 g - a +4 ring of protection (left hand)
Scrolls
 e - a scroll of enchant weapon {unknown}
Potions
 d - a potion of might


   Skills:
 + Level 4.0 Fighting
 + Level 3.2 Axes
 + Level 3.5 Armour
 + Level 3.5 Shields


You had one spell level left.
You didn't know any spells.
Your spell library was empty.

Dungeon Overview and Level Annotations

Branches:
Dungeon (1/15)

Altars:


Message History

A nearby plant withers and dies. x3
A kobold comes into view.
It is wielding a +1 short sword of venom.
The kobold shouts!
A frilled lizard comes into view.
A goblin comes into view. It is wielding a +0 dagger.
A gnoll comes into view. It is wielding a +0 flail.
The gnoll shouts!
The goblin shouts!
A hobgoblin comes into view.
The hobgoblin shouts!
You hear a shout!
A kobold comes into view. It is wielding a +0 short sword.
You closely miss the frilled lizard. The frilled lizard barely misses you.
You hit the frilled lizard.
You kill the frilled lizard!
You barely miss the kobold. You hit the goblin.
You kill the goblin!
The kobold closely misses you.
The kobold hits you with a +1 short sword of venom.
You are poisoned.
The gnoll barely misses you.
You closely miss the kobold. You hit the gnoll.
You feel very sick. The gnoll hits you with a +0 flail!
You block the kobold's attack.
You hit the kobold.
The kobold is moderately wounded.
You hit the gnoll.
You feel sick. The gnoll closely misses you.
You slash the hobgoblin!
You kill the hobgoblin!
You hit the gnoll. You closely miss the kobold.
You feel sick. The gnoll hits you with a +0 flail!
* * * LOW HITPOINT WARNING * * *
The kobold hits you but does no damage.
You are more poisoned.
The kobold barely misses you. The gnoll closely misses you.
You block the kobold's attack.
Your Fighting skill increases to level 4!
g - a +4 ring of protection (left hand)
* * * LOW HITPOINT WARNING * * *
You feel sick.
You closely miss the kobold. You barely miss the gnoll. You miss the kobold.
You die...

..PPP..........#
....PPP........# .#
..PP..<........# .#
..PPPPP........# .#
..............## .#
...............# .#
######.....##..##.#
#.....##.....######
#.....###.K@......#
#####.# ###Kg......
#.# #........ #..
P..♣..P.. #.#.
~.~~~~~♣.
~~~P~~.~~P
~.~≈≈~.~~.
~~~~≈~~~.~♣


You could see a gnoll and 2 kobolds.

Vanquished Creatures
  7 ball pythons (D:1)
  2 giant cockroaches (D:1)
  2 goblins (D:1)
  2 hobgoblins (D:1)
  A kobold (D:1)
  2 frilled lizards (D:1)
  2 rats (D:1)
18 creatures vanquished.

Notes
Turn   | Place    | Note
-------+----------+-------------------------------------------
     0 | D:1      | fireball365 the Hill Orc Fighter began the quest for the
                  | Orb.
     0 | D:1      | Reached XP level 1. HP: 19/19 MP: 1/1
   159 | D:1      | Reached XP level 2. HP: 27/27 MP: 2/2
   627 | D:1      | Reached skill level 4 in Fighting
   628 | D:1      | Succumbed to a kobold's poison

Illustrated notes

Levels and vault maps discovered:
D:1:      roderic_crop_circles_arrival_small, layout_basic,
          shapermc_ecumenical_altar_flowoftime, serial_bayou_pond_b

Skill      XL: |  1  2 |
---------------+-------+-----
Axes           | 3 |  3.2
Fighting       | 4 |  4.0
Armour         | |  3.5
Shields        | |  3.5

Action                     || total
---------------------------++-------
  Melee: War axe           ||   242
 Armour: Scale mail        ||    26
  Dodge: Dodged            ||    24
  Block: Buckler           ||     8
